 Dungeon Crawl Stone Soup version 0.28.0 (webtiles) character file.

Game seed: 11766171929106939493

7365 dorian the Zephyrmancer (level 11, -14/60 HPs)
             Began as a Tengu Air Elementalist on Feb 11, 2022.
             Was a Priest of Vehumet.
             Demolished by a boulder beetle (55 damage)
             ... on level 11 of the Dungeon.
             The game lasted 00:34:10 (15379 turns).

dorian the Zephyrmancer (Tengu Air Elementalist)   Turns: 15379, Time: 00:34:11

Health: -14/60     AC:  4    Str: 13    XL:     11   Next: 14%
Magic:  22/22      EV: 17    Int: 19    God:    Vehumet [***...]
Gold:   574        SH:  0    Dex: 17    Spells: 13/23 levels left

rFire   . . .      SeeInvis .   i - +4 dagger of Voproc {freeze, Fragile rElec Str+4 Dex+2}
rCold   . . .      Faith    +   (no shield)
rNeg    . . .      Spirit   .   F - +0 robe {Archmagi}
rPois   +          Reflect  .   (helmet restricted)
rElec   +          Harm     .   L - +0 cloak
rCorr   +          Rampage  .   l - +0 pair of gloves
Will    .....      Archmagi +   (boots unavailable)
Stlth   ++........              y - amulet of faith
HPRegen 0.20/turn               t - ring of poison resistance
MPRegen 0.18/turn               w - ring of resist corrosion

@: flying quickly and evasively, quick
A: beak, talons 3, nimble flight
a: Renounce Religion


You were on level 11 of the Dungeon.
You worshipped Vehumet.
Vehumet was most pleased with you.
You visited 1 branch of the dungeon, and saw 11 of its levels.

You collected 574 gold pieces.

Inventory:

Hand Weapons
 g - a +2 antimagic mace
 i - the +4 dagger of Voproc (weapon) {freeze, Fragile rElec Str+4 Dex+2}
   (You found it on level 3 of the Dungeon)

   It freezes those it strikes, dealing additional cold damage.
   It can also slow down cold-blooded creatures.
   Str:       It affects your strength (+4).
   Dex:       It affects your dexterity (+2).
   rElec:     It insulates you from electricity.
   Fragile:   It will be destroyed if unequipped.
 o - a +3 vorpal hunting sling
Missiles
 v - 2 throwing nets
Armour
 a - a +0 robe
 l - a +0 pair of gloves (worn)
 F - a +0 robe of the Archmagi (worn)
 L - a +0 cloak (worn)
Magical Staves
 c - a staff of fire
 O - a staff of poison
Jewellery
 j - an amulet of regeneration
 q - a ring of protection from cold
 t - a ring of poison resistance (left hand)
 w - a ring of resist corrosion (right hand)
 x - a ring of fire
 y - an amulet of faith (around neck)
 z - a ring of fire
 D - a +6 ring of strength
 M - a ring of see invisible
 Q - a +6 ring of strength
Wands
 E - a wand of polymorph (8)
 H - a wand of flame (1)
 I - a wand of iceblast (8)
 K - a wand of acid (14)
 P - a wand of paralysis (2)
Scrolls
 d - a scroll of teleportation
 k - a scroll of amnesia
 r - 2 scrolls of immolation
 u - 3 scrolls of silence
 A - 6 scrolls of identify
 C - a scroll of enchant weapon
Potions
 b - 2 potions of mutation
 e - 3 potions of lignification
 f - 5 potions of curing
 h - a potion of cancellation
 m - 3 potions of brilliance
 n - 4 potions of haste
 s - 2 potions of degeneration
 G - a potion of magic
 J - a potion of berserk rage
 N - a potion of might


   Skills:
 + Level 3.4 Fighting
 + Level 4.4 Dodging
 - Level 2.0 Stealth
 + Level 6.8 Spellcasting
 * Level 13.2 Conjurations
 * Level 13.6 Air Magic


You had 13 spell levels left.
You knew the following spells:

 Your Spells              Type           Power      Damage    Failure   Level
a - Shock                 Conj/Air       100%       1d9       1%          1
b - Static Discharge      Conj/Air       72%        N/A       1%          2
c - Airstrike             Air            36%        N/A       1%          4
d - Stone Arrow           Conj/Erth      94%        3d12      1%          3

Your spell library contained the following spells:

 Spells                   Type           Power      Damage    Failure   Level
 Poisonous Vapours        Pois/Air       96%        N/A       1%          2
 Dazzling Flash           Conj/Hex       94%        N/A       1%          3
 Swiftness                Air            73%        N/A       1%          3
 Frozen Ramparts          Ice            18%        1d3       9%          3
 Animate Skeleton         Necr           18%        N/A       11%         1
 Pain                     Necr           36%        1d5       11%         1
 Slow                     Hex            36%        N/A       11%         1
 Sting                    Tmut/Pois      36%        1d4       11%         1
 Silence                  Hex/Air        24%        N/A       17%         5
 Olgreb's Toxic Radiance  Pois           9%         N/A       26%         4
 Confusing Touch          Hex            9%         N/A       30%         3
 Vampiric Draining        Necr           9%         2d6       30%         3
 Cause Fear               Hex            4%         N/A       71%         4
 Ice Form                 Ice/Tmut       9%         N/A       71%         4
 Summon Ice Beast         Ice/Summ       9%         N/A       71%         4
 Agony                    Necr           9%         N/A       96%         5
 Summon Forest            Summ/Tloc      4%         N/A       96%         5
 Eringya's Noxious Bog    Tmut/Pois      4%         N/A       97%         6
 Dragon Form              Tmut           4%         N/A       100%        7
 Summon Hydra             Summ           4%         N/A       100%        7
 Dragon's Call            Summ           4%         N/A       100%        9


Dungeon Overview and Level Annotations

Branches:
Dungeon (11/15)            Temple (0/1) D:6            Lair (0/6) D:10
    Orc (0/2) D:9

Altars:
Cheibriados
Elyvilon
Hepliaklqana
Ru
Sif Muna
Vehumet
The Shining One

Annotations:
D:2 1 runed translucent door, Crazy Yiuf


Innate Abilities, Weirdness & Mutations

You have a beak for a mouth.
You have claws for feet.
Your magical nature lets you fly swiftly and evasively.


Message History

The killer bee is almost dead.
You resist.
You are struck by an arc of lightning.
The killer bee is struck by an arc of lightning!
You kill the killer bee!
Vehumet accepts your kill.
You feel your power returning. You resist.
You are struck by an arc of lightning.
You feel a surge of power!
The zap hits the killer bee.
The killer bee is severely wounded.
The killer bee stings you.
Casting: Shock (safe; 1% risk of failure)
Confirm with . or Enter, or press ? or * to list all spells.
You feel a surge of power!
The killer bee is struck by an arc of lightning!
You kill the killer bee!
Vehumet accepts your kill. You resist.
You are struck by an arc of lightning.
HP restored.
You see here a killer bee corpse.
Found a chain mail.
A boulder beetle comes into view.
Found a trident.
The boulder beetle curls into a ball and begins rolling!
You see here a +0 chain mail.
The boulder beetle hits you!!!
Ouch! That really hurt!
The boulder beetle stops rolling and uncurls.
The boulder beetle curls into a ball and begins rolling!
Okay, then.
Blink to where?
Press: ? - help, Dir - move target
As you read the scroll of blinking, it crumbles to dust.
You feel much better. The boulder beetle barely misses you.
The boulder beetle stops rolling and uncurls.
The boulder beetle leaps!
The boulder beetle curls into a ball and begins rolling!
The boulder beetle hits you!!!
Ouch! That really hurt!
You die...

#.######.................. ..
#........÷................. .
#.######(...................
#.# #<........°....)..... #.#
#........°........... #.#
#.......°..........# #.#
#......○...........# #.#
#.....B............# #.#
#.....@............# #.#
#....>.............# #.#
#..................#
####.######..................#
........<....................#
#####.#####..................#
# #.# #..................####
# #.# #..................†.○.
# #.# #.######>########.#####


You could see a boulder beetle (rolling).

Vanquished Creatures
  A two-headed ogre (D:11)
  An ugly thing (D:11)
  4 centaur zombies
  Maurice (D:9)
  Maggie (D:10)
  A komodo dragon (D:10)
  2 hornets
  A shadow (D:10)
  2 wyverns
  A steam dragon (D:8)
  An acid dragon (D:7)
  Duvessa (D:7)
  A water moccasin (D:6)
  4 sky beasts
  A hornet zombie (D:8)
  3 orc warriors
  4 necrophages (D:8)
  4 centaurs
  3 ogres
  3 bullfrogs
  A gnoll sergeant (D:9)
  Dowan (D:7)
  5 wights (D:8)
  7 killer bees
  3 howler monkeys (D:9)
  2 jellies
  2 hounds (D:6)
  6 orc priests
  2 bullfrog skeletons
  2 gnoll shamans
  An iguana (D:5)
  Natasha (thrice) (D:4)
  7 orc wizards
  2 mummies (D:8)
  Robin (D:2)
  A howler monkey zombie (D:8)
  8 adders
  21 gnolls
  3 ufetubi
  3 worms
  A dart slug (D:1)
  34 orcs
  8 endoplasms
  3 giant cockroaches
  22 goblins
  14 hobgoblins
  6 jackals
  11 kobolds
  3 quokkas
  7 ball pythons
  6 bats
  6 frilled lizards
  4 rats (D:3)
246 creatures vanquished.

Vanquished Creatures (others)
  2 plants (D:4)
  2 withered plants (D:8)
4 creatures vanquished.

Grand Total: 250 creatures vanquished

Notes
Turn   | Place    | Note
-------+----------+-------------------------------------------
     0 | D:1      | dorian the Tengu Air Elementalist began the quest for the
                  | Orb.
     0 | D:1      | Reached XP level 1. HP: 10/10 MP: 4/4
    82 | D:1      | Reached XP level 2. HP: 11/15 MP: 1/6
   809 | D:1      | Reached XP level 3. HP: 18/19 MP: 0/7
  1359 | D:2      | Reached skill level 5 in Air Magic
  1595 | D:2      | Reached XP level 4. HP: 24/24 MP: 6/8
  1599 | D:2      | Noticed Robin
  1632 | D:1      | Learned a level 2 spell: Static Discharge
  1964 | D:2      | Killed Robin
  2557 | D:2      | Found a runed translucent door.
  2558 | D:2      | Noticed Crazy Yiuf
  2656 | D:3      | Gained mutation: Your magical nature lets you fly swiftly
                  | and evasively. [Tengu growth]
  2656 | D:3      | Reached XP level 5. HP: 28/28 MP: 7/10
  2848 | D:3      | Identified the +4 dagger of Voproc {freeze, Fragile rElec
                  | Str+4 Dex+2}
  3124 | D:3      | Found a faded altar of an unknown god.
  3642 | D:4      | Noticed Natasha
  3762 | D:4      | Killed Natasha
  3990 | D:4      | Reached XP level 6. HP: 26/32 MP: 4/11
  4151 | D:4      | Noticed Natasha
  4158 | D:4      | Killed Natasha
  4159 | D:4      | Reached skill level 5 in Conjurations
  4170 | D:4      | Noticed Natasha
  4174 | D:4      | Killed Natasha
  4864 | D:5      | Entered Level 5 of the Dungeon
  4864 | D:5      | Noticed a sky beast
  4894 | D:4      | Learned a level 4 spell: Airstrike
  5224 | D:5      | Found a white marble altar of Elyvilon.
  5273 | D:5      | You are sucked into a shaft and drop 1 floor!
  5326 | D:6      | Reached XP level 7. HP: 34/36 MP: 4/13
  5379 | D:5      | Found a snail-covered altar of Cheibriados.
  5380 | D:5      | Found a hazy altar of Hepliaklqana.
  5389 | D:5      | Found a sacrificial altar of Ru.
  6294 | D:5      | Reached XP level 8. HP: 41/41 MP: 4/15
  6433 | D:5      | Found a shimmering blue altar of Sif Muna.
  6435 | D:5      | Found a radiant altar of Vehumet.
  6436 | D:5      | Found a glowing golden altar of the Shining One.
  6443 | D:5      | Became a worshipper of Vehumet
  7462 | D:6      | Found a staircase to the Ecumenical Temple.
  8162 | D:7      | Noticed Duvessa
  8162 | D:7      | Noticed Dowan
  8175 | D:7      | Killed Duvessa
  8317 | D:7      | Reached skill level 10 in Air Magic
  8317 | D:7      | Reached XP level 9. HP: 44/45 MP: 11/17
  8524 | D:6      | Reached skill level 5 in Spellcasting
  8923 | D:7      | Reached skill level 10 in Conjurations
  8971 | D:7      | Killed Dowan
  9133 | D:7      | Reached * piety under Vehumet
  9133 | D:7      | Offered knowledge of Magic Dart by Vehumet.
 10613 | D:8      | Noticed a hornet
 10616 | D:8      | Killed a hornet
 10714 | D:8      | Reached ** piety under Vehumet
 10714 | D:8      | Offered knowledge of Freeze by Vehumet.
 11036 | D:8      | Reached XP level 10. HP: 49/50 MP: 8/19
 11385 | D:8      | Reached skill level 1 in Fighting
 12209 | D:9      | Noticed Maurice
 12330 | D:9      | Killed Maurice
 12476 | D:9      | Found a staircase to the Orcish Mines.
 13349 | D:10     | Entered Level 10 of the Dungeon
 13483 | D:10     | Offered knowledge of Stone Arrow by Vehumet.
 13634 | D:10     | Found a staircase to the Lair.
 13777 | D:10     | Noticed Maggie
 13793 | D:10     | Killed Maggie
 14494 | D:10     | Reached *** piety under Vehumet
 14605 | D:10     | Learned a level 3 spell: Stone Arrow
 14615 | D:11     | Noticed a green ugly thing
 14850 | D:11     | Noticed a two-headed ogre
 14859 | D:11     | Killed a two-headed ogre
 14860 | D:11     | Reached XP level 11. HP: 35/60 MP: 12/22
 14871 | D:11     | Noticed a cyan ugly thing
 15123 | D:11     | Killed a cyan ugly thing
 15351 | D:11     | Noticed a boulder beetle
 15379 | D:11     | Demolished by a boulder beetle

Illustrated notes

Levels and vault maps discovered:
D:1:      lightli_arrival_maybe_door_vault, layout_rooms
D:2:      layout_rooms, uniq_crazy_yiuf_cottage, uniq_robin
D:3:      layout_rooms, hellmonk_ecumenical_altar_crossroads,
          minmay_fractal_squares_gapless_5
D:4:      corexii_shantytown, layout_basic, uniq_natasha
D:5:      layout_cave_pools, grunt_temple_overflow_open
D:6:      layout_basic, minmay_temple_entry_fiery, minmay_misc_feat_five
D:7:      layout_loops_cross, uniq_duvessa
D:8:      layout_cave_pools, serial_undead, serial_undead_e, serial_undead_a,
          serial_undead_a, serial_undead_f, serial_undead_d
D:9:      layout_layer_cave, orc_0_dummy, uniq_maurice
D:10:     layout_cave_pods, lair_entry_dummy, uniq_maggie
D:11:     layout_small_grid, uniq_erica, uniq_urug

Skill      XL: |  1  2  3  4  5  6  7  8  9 10 |
---------------+-------------------------------+-----
Conjurations   | 2 3 4 5 7 9 11 13 | 13.2
Air Magic      | 5 6 7 8 10 12 13 | 13.6
Spellcasting   | 3 4 5 6 |  6.8
Fighting       | 3 |  3.4
Dodging        | 4 |  4.4
Stealth        | |  2.0

Action                   |  1- 3 |  4- 6 |  7- 9 | 10-12 || total
-------------------------+-------+-------+-------+-------++-------
Melee: Unarmed           |    19 |       |       |       ||    19
       Kick              |     2 |     2 |       |     2 ||     6
       Peck              |     5 |       |       |       ||     5
       Staff             |     5 |     3 |       |       ||     8
       Dagger            |       |     3 |     2 |     5 ||    10
 Cast: Shock             |    61 |   155 |   177 |   111 ||   504
       Static Discharge  |       |    20 |    47 |    23 ||    90
       Airstrike         |       |       |    32 |    43 ||    75
Evoke: Wand              |       |       |       |     4 ||     4
  Use: Scroll            |     2 |    14 |     4 |     4 ||    24
       Potion            |       |     1 |     2 |     1 ||     4
Armor: Robe              |     9 |     6 |     6 |     3 ||    24
Dodge: Dodged            |    17 |    23 |    56 |    27 ||   123
